 Dungeon Crawl Stone Soup version 0.31-a0-259-g771a54ca4b (webtiles) character file.

Game seed: 13731062506306010001

113 qw the Shooter (level 4, -4/26 HPs)
             Began as a Gargoyle Hexslinger on July 13, 2023.
             Slain by a +6 spectral club (7 damage)
             ... created by Ijyb
             ... on level 3 of the Dungeon.
             The game lasted 00:00:54 (1753 turns).

qw the Shooter (Gargoyle Hexslinger)                Turns: 1753, Time: 00:00:55

Health: -4/26      AC: 11    Str: 11    XL:     4   Next: 96%
Magic:  0/5        EV: 10    Int: 17    God:
Gold:   70         SH:  0    Dex: 14    Spells: 4/5 levels left

rFire   . . .        Y - +1 sling
rCold   . . .        (no shield)
rNeg    + . .        g - +0 ring mail "Ywairoz" {+Blink Regen+ Int+3}
rPois   inf          j - +2 hat
rElec   +            (no cloak)
rCorr   .            a - +0 pair of gloves
SInv    .            (no boots)
Will    .....        c - amulet of guardian spirit
Stlth   +            (no ring)
HPRegen 1.04/turn    (no ring)
MPRegen 0.09/turn

%: guardian spirit
@: no status effects
A: sickness immunity, AC +3, negative energy resistance 1, electricity
resistance, torment resistance 1, petrification resistance
a: Evoke Blink


You were on level 3 of the Dungeon.
You visited 1 branch of the dungeon, and saw 3 of its levels.

You collected 70 gold pieces.


Innate Abilities, Weirdness & Mutations

You are immune to sickness and miasma.
Your stone body is resilient. (AC +3)
You are immune to poison.
You resist negative energy. (rN+)
You are resistant to electric shocks. (rElec)
You are resistant to unholy torment.
You are immune to petrification.


   Skills:
 - Level 2.0 Fighting
 + Level 4.5 Ranged Weapons
 - Level 1.0 Armour
 - Level 1.5 Dodging
 - Level 1.0 Spellcasting
 - Level 2.6 Hexes


You had 4 spell levels left.
You knew the following spells:

 Your Spells              Type           Power      Damage    Failure   Level
a - Slow                  Hex            36%        N/A       17%         1

Your spell library contained the following spells:

 Spells                   Type           Power      Damage    Failure   Level
 Inner Flame              Hex/Fire       5%         N/A       65%         3
 Portal Projectile        Hex/Tloc       10%        N/A       65%         3
 Cause Fear               Hex            4%         N/A       86%         4

Inventory:

Hand Weapons
 Y - a +1 sling (weapon)
Armour
 a - a +0 pair of gloves (worn)
 d - a +1 robe of resistance
 g - the +0 ring mail "Ywairoz" (worn) {+Blink Regen+ Int+3}
   (You found it on level 2 of the Dungeon)

   Int:       It affects your intelligence (+3).
   +Blink:    It lets you blink.
   Regen:     It increases your rate of health regeneration.
 j - a +2 hat (worn)
Jewellery
 c - an amulet of guardian spirit (around neck)
Scrolls
 b - a scroll of identify
 k - a scroll of teleportation {unknown}
 l - a scroll of noise {unknown}
Potions
 e - a potion of might
 f - 3 potions of curing
 h - a potion of lignification {unknown}

Dungeon Overview and Level Annotations

Branches:
Dungeon (3/15)

Altars:

Annotations:
D:3 Ijyb


Message History

Enter note: You shoot a sling bullet.
The sling bullet hits Ijyb.
Ijyb is lightly wounded.
Ijyb drinks a potion.
Ijyb seems to speed up.
You shoot a sling bullet. The sling bullet closely misses Ijyb.
You shoot a sling bullet. The sling bullet closely misses Ijyb.
You shoot a sling bullet. The sling bullet closely misses Ijyb.
Ijyb closely misses you. The +6 spectral club hits you!
Ijyb hits you with a +6 spectral club! The +6 spectral club hits you.
A +6 spectral club comes into view.
You shoot a sling bullet. The sling bullet hits Ijyb.
Ijyb is lightly wounded.
The +6 spectral club closely misses you.
Ijyb screams, "I dance on your bones!" Ijyb hits you with a +6 spectral club.
The +6 spectral club barely misses you. The +6 spectral club hits you.
Ijyb zaps a wand.
You resist with some effort.
1750 ||| DRINKING potion of heal wounds.
You feel much better. The +6 spectral club hits you.
The +6 spectral club hits you!
The +6 spectral club disappears.
Ijyb barely misses you. The +6 spectral club barely misses you.
Ijyb zaps a wand.
You resist with some effort.
A +6 spectral club comes into view.
You shoot a sling bullet. The sling bullet closely misses Ijyb.
The +6 spectral club misses you.
The +6 spectral club hits you but does no damage.
The +6 spectral club disappears.
Ijyb closely misses you. The +6 spectral club barely misses you.
A +6 spectral club comes into view.
You shoot a sling bullet. The sling bullet hits Ijyb.
Ijyb is moderately wounded.
The +6 spectral club hits you. The +6 spectral club hits you!
Ijyb hits you with a +6 spectral club.
The +6 spectral club hits you but does no damage. x2
Ijyb zaps a wand.
You resist with some effort.
You shoot a sling bullet. The sling bullet hits Ijyb.
Ijyb is heavily wounded.
The +6 spectral club hits you but does no damage. x2
The +6 spectral club hits you!
You die...

#..# #..# #..# ###
#$.# ########.###
#..# ...........#
#..#
...........###..###
.#####..........@(#
.# #.....####.#g#
.# #.....# #.#.# .#
###.### #.#.# .#
#.# #.#.#
.#######.######.#.#
.##.......>.....#.#
#.#############..


You could see a +6 spectral club and Ijyb (fast).

Vanquished Creatures
  Jessica (D:2)
  2 adders
  A worm (D:2)
  A dart slug (D:2)
  4 ball pythons
  6 endoplasms
  5 giant cockroaches (D:1)
  4 goblins
  4 hobgoblins
  4 jackals
  7 quokkas
  2 bats
  3 frilled lizards
  8 kobolds
  7 rats
59 creatures vanquished.

Notes
Turn   | Place    | Note
-------+----------+-------------------------------------------
     0 | D:1      | qw the Gargoyle Hexslinger began the quest for the Orb.
     0 | D:1      | Reached XP level 1. HP: 12/12 MP: 2/2
     0 | D:1      | 0 ||| qw: Version: 0.3-a-52-g30416fa
     0 | D:1      | 0 ||| qw: Game counter: 6870
     0 | D:1      | 0 ||| qw: Melee chars always use a shield: true
     0 | D:1      | 0 ||| qw: God list: Okawaru
     0 | D:1      | 0 ||| qw: Allow faded altars: false
     0 | D:1      | 0 ||| qw: Do Orc after clearing Dungeon:15 true
     0 | D:1      | 0 ||| qw: Do second Lair branch before Depths: true
     0 | D:1      | 0 ||| qw: Lair rune preference: random
     0 | D:1      | 0 ||| qw: Goals: Normal
     0 | D:1      | 0 ||| PLANNING D:1-11
    82 | D:1      | Reached XP level 2. HP: 16/16 MP: 3/3
   283 | D:1      | Reached skill level 3 in Ranged Weapons
   445 | D:1      | Reached XP level 3. HP: 21/21 MP: 4/4
   733 | D:1      | 733 ||| UPGRADING to +0 leather armour.
   743 | D:1      | 743 ||| DROPPING +0 robe.
   744 | D:1      | 744 ||| UPGRADING to +2 hat.
   749 | D:1      | 749 ||| READING 2 scrolls labelled MOZEUW ECLOGY.
   750 | D:1      | 750 ||| READING scroll labelled CAASKA ZUTUFE.
   751 | D:1      | 751 ||| READING scroll labelled ONIVVY JUXKOUSESE.
   752 | D:1      | 752 ||| DROPPING scroll of vulnerability.
   753 | D:1      | 753 ||| DROPPING scroll of poison.
   842 | D:2      | Noticed Jessica
   848 | D:2      | Killed Jessica
   849 | D:2      | Reached skill level 4 in Ranged Weapons
   849 | D:2      | Reached XP level 4. HP: 19/26 MP: 5/5
  1224 | D:2      | Identified the +0 ring mail "Ywairoz" {+Blink Regen+ Int+3}
  1508 | D:2      | 1508 ||| UPGRADING to +0 pair of gloves.
  1513 | D:2      | 1513 ||| UPGRADING to +0 ring mail "Ywairoz" {+Blink Regen+
                  | Int+3}.
  1523 | D:2      | 1523 ||| DROPPING +0 leather armour.
  1524 | D:2      | 1524 ||| UPGRADING to amulet of guardian spirit.
  1529 | D:2      | 1529 ||| READING scroll labelled ZEUDECV MYIRR.
  1541 | D:2      | 1541 ||| DRINKING 4 golden potions.
  1542 | D:2      | 1542 ||| READING 4 scrolls of identify.
  1542 | D:2      | 1542 ||| IDENTIFYING fuming black potion
  1543 | D:2      | 1543 ||| READING 3 scrolls of identify.
  1543 | D:2      | 1543 ||| IDENTIFYING metallic red potion
  1544 | D:2      | 1544 ||| READING 2 scrolls of identify.
  1544 | D:2      | 1544 ||| IDENTIFYING blue potion
  1545 | D:2      | 1545 ||| DROPPING potion of ambrosia.
  1623 | D:3      | Reached skill level 1 in Armour
  1744 | D:3      | Noticed Ijyb
  1749 | D:3      | HP: 5/26 [Ijyb/+6 spectral club (3)]
  1750 | D:3      | 1750 ||| DRINKING potion of heal wounds.
  1752 | D:3      | HP: 2/26 [Ijyb/+6 spectral club (1)]
  1753 | D:3      | Slain by a +6 spectral club

Levels and vault maps discovered:
D:1:      lemuel_arrival_muddy, layout_loops_ring
D:2:      layout_basic, minmay_circle_x, uniq_jessica
D:3:      layout_loops_ring, corexii_item_surrounded_by_moat, uniq_ijyb

Skill      XL: |  1  2  3  4 |
---------------+-------------+-----
Ranged Weapons | 3 4 |  4.5
Fighting       | 2 |  2.0
Armour         | 1 |  1.0
Dodging        | |  1.5
Spellcasting   | |  1.0
Hexes          | |  2.6

Action                     |  1- 3 |  4- 6 || total
---------------------------+-------+-------++-------
   Fire: Sling             |   121 |   115 ||   236
    Use: Scroll            |     3 |     4 ||     7
         Potion            |       |     2 ||     2
 Armour: Robe              |    15 |       ||    15
         Leather armour    |    10 |    21 ||    31
         Ring mail         |       |    22 ||    22
  Dodge: Dodged            |    55 |    47 ||   102

Table legend:
 A = Non-vault XP
 B = Vault XP
 C = Vault XP percentage of total XP
 D = Non-vault monster count
 E = Vault monster count
 F = Vault count percentage of total count
                 A         B        C        D         E       F
            +---------+---------+-------+---------+---------+-------
      Total |     115 |      47 |  29.0 |      52 |       7 |  11.9
            +---------+---------+-------+---------+---------+-------
        D:1 |      49 |       0 |   0.0 |      29 |       0 |   0.0
        D:2 |      43 |      47 |  52.2 |      16 |       7 |  30.4
        D:3 |      23 |       0 |   0.0 |       7 |       0 |   0.0
            +---------+---------+-------+---------+---------+-------
